 Dungeon Crawl Stone Soup version 0.20.1-1-g8b1a95d (webtiles) character file.

99 Gremour the Shield-Bearer (level 4, -1/28 HPs)
             Began as a Gargoyle Fighter on Nov 20, 2017.
             Slain by Sigmund
             ... wielding a +0 scythe of venom
              (5 damage)
             ... on level 2 of the Dungeon.
             The game lasted 00:05:57 (1436 turns).

Gremour the Shield-Bearer (Gargoyle Fighter)        Turns: 1436, Time: 00:05:57

Health: -1/28      AC: 10    Str: 21 (24) XL:     4   Next: 72%
Magic:  4/4        EV:  7    Int: 15 (18) God:
Gold:   43         SH:  9    Dex:  7 (10) Spells: 3/3 levels left

rFire    . . .     SeeInvis .   a - +0 long sword
rCold    . . .     Gourm    .   c - +0 shield
rNeg     + . .     Faith    .   b - +0 scale mail
rPois    ∞         Spirit   .   (no helmet)
rElec    +         Reflect  .   (no cloak)
rCorr    .         Harm     .   (no gloves)
MR       .....                  (no boots)
Stlth    ..........             (no amulet)
Regen    0.1/turn               n - +4 ring of intelligence
MPRegen  0.1/turn               e - +5 ring of strength

@: brilliant
A: negative energy resistance 1, electricity resistance, unbreathing,
petrification resistance, rot immunity, AC +3
a: no special abilities


You were on level 2 of the Dungeon.
You were not hungry.

You visited 1 branch of the dungeon, and saw 2 of its levels.

You collected 43 gold pieces.

Inventory:

Hand Weapons
 a - a +0 long sword (weapon)
 m - a +0 dagger of electrocution
Armour
 b - a +0 scale mail (worn)
 c - a +0 shield (worn)
Jewellery
 e - a +5 ring of strength (right hand)
 n - a +4 ring of intelligence (left hand)
Scrolls
 d - a scroll of enchant armour {unknown}
 g - a scroll of remove curse {unknown}
 j - 4 scrolls of identify {unknown}
 l - a scroll of enchant weapon {unknown}
Comestibles
 f - a bread ration
 h - 2 meat rations
 p - a royal jelly
 r - 4 chunks of flesh


   Skills:
 - Level 3.2 Fighting
 * Level 3.8 Long Blades
 - Level 3.2 Armour
 + Level 4.0 Shields


You had 3 spell levels left.
You didn't know any spells.

Dungeon Overview and Level Annotations

Branches:
Dungeon (2/15)

Altars:
Uskayaw
Vehumet

Annotations:
D:2 Sigmund


Innate Abilities, Weirdness & Mutations

You are resistant to torment.
Your stone body is resilient. (AC +3)
You are immune to poison.
You resist negative energy. (rN+)
You are resistant to electric shocks. (rElec)
You can survive without breathing.
You are immune to petrification.
You are immune to rotting.


Message History

* * * LOW HITPOINT WARNING * * *
You aren't carrying any potions.
Unknown command.
You aren't carrying any items that you can evoke.
Unknown command.
As you read the scroll labeled VAIRGHEU ZUPHOZ, it crumbles to dust.
It is a scroll of amnesia.
You feel forgetful for a moment. Something hits you but does no damage.
The jackal barks!
You hit something.
You hear a bark!
You closely miss something. Something hits you.
* * * LOW HITPOINT WARNING * * *
You block the jackal's attack.
Unknown command.
You hit something but do no damage.
Sigmund appears from thin air!
Reactivating autopickup.
The jackal barely misses you.
Sigmund hits you with a scythe of venom.
You die...

### .# ##.## #..
...# .. .. #.#
..#....... #.#
..#....(.. #.#
......_... #.#
#.#....... #@#
##.#....... #@#
#..# ..... #h#
#..####.###
#.######........÷.
#..........#######
############


You could see Sigmund and a jackal.

Vanquished Creatures
  Terence (D:2)
  3 adders (D:2)
  3 dart slugs
  3 ball pythons (D:1)
  5 bats
  3 giant cockroaches
  6 goblins
  6 hobgoblins
  2 jackals (D:2)
  2 frilled lizards (D:2)
  3 kobolds
  5 rats
42 creatures vanquished.

Notes
Turn   | Place    | Note
-------+----------+-------------------------------------------
     0 | D:1      | Gremour the Gargoyle Fighter began the quest for the Orb.
     0 | D:1      | Reached XP level 1. HP: 14/14 MP: 1/1
   145 | D:1      | Reached XP level 2. HP: 19/19 MP: 2/2
   507 | D:1      | Reached XP level 3. HP: 23/23 MP: 3/3
   919 | D:2      | Noticed Terence
   935 | D:2      | HP: 1/23 [Terence/flail (5)]
   936 | D:2      | Killed Terence
   940 | D:2      | Reached XP level 4. HP: 2/28 MP: 4/4
  1289 | D:2      | Reached skill level 4 in Shields
  1334 | D:2      | Found a hide-covered altar of Uskayaw.
  1376 | D:2      | Found a radiant altar of Vehumet.
  1414 | D:2      | Noticed Sigmund
  1436 | D:2      | Slain by Sigmund

Skill      XL: |  1  2  3  4 |
---------------+-------------+-----
Long Blades    | 2 3 |  3.8
Shields        | 4 |  4.0
Fighting       | |  3.2
Armour         | |  3.2

Action                   |  1- 3 |  4- 6 || total
-------------------------+-------+-------++-------
Melee: Long sword        |    67 |    70 ||   137
  Use: Potion            |     1 |     3 ||     4
       Scroll            |       |     1 ||     1
  Eat: Chunk             |       |     2 ||     2
Armor: Scale mail        |    30 |    32 ||    62
Dodge: Dodged            |    11 |    22 ||    33
Block: Shield            |    36 |    29 ||    65
       Rpst.: Long sword |     3 |     8 ||    11
